| TOP OF THE 1ST |
|
Springfield Cardinals batting - Pitching for Harrisburg Senators : RHP Jason Beck
|
|
Pitching: RHP Jason Beck
|
|
|
Batting: RHB Josh Martin
|
0-0: Called Strike 0-1: Foul Ball, location: 2F 0-2: Ball 1-2: Strikes out looking
|
|
Batting: LHB Adam Eisen
|
0-0: Swinging Strike 0-1: Ball 1-1: Ball 2-1: Foul Ball, location: 2F 2-2: Ground out 1-3 (Groundball, P, EV 68.1 MPH)
|
|
Batting: LHB Ichiro Toyota
|
0-0: Ball 1-0: Called Strike 1-1: Fly out, F8 (Flyball, 8LM, EV 93.1 MPH)
|
| Top of the 1st over - 0 runs, 0 hits, 0 errors, 0 left on base; Springfield 0 - Harrisburg 0 |
| BOTTOM OF THE 1ST |
|
Harrisburg Senators batting - Pitching for Springfield Cardinals : RHP Jorge Aguilar
|
|
Pitching: RHP Jorge Aguilar
|
|
|
Batting: RHB Jim Miske
|
0-0: Ground out 4-3 (Groundball, 34, EV 101.2 MPH)
|
|
Batting: RHB Kevin Wick
|
0-0: Called Strike 0-1: Foul Ball, location: 2F 0-2: Foul Ball, location: 2F 0-2: Ball 1-2: Foul Ball, location: 2F 1-2: Strikes out swinging
|
|
Batting: RHB Donovan Auclair
|
0-0: Called Strike 0-1: Ball 1-1: Ball 2-1: Fly out, F8 (Flyball, 8RD, EV 105.6 MPH)
|
| Bottom of the 1st over - 0 runs, 0 hits, 0 errors, 0 left on base; Springfield 0 - Harrisburg 0 |
| TOP OF THE 2ND |
|
Springfield Cardinals batting - Pitching for Harrisburg Senators : RHP Jason Beck
|
|
Batting: RHB Mark Cahill
|
0-0: Ball 1-0: Swinging Strike 1-1: Swinging Strike 1-2: Foul Ball, location: 2F 1-2: Foul Ball, location: 2F 1-2: Fly out, F8 (Line Drive, 8LD, EV 88.1 MPH)
|
|
Batting: SHB Jason Kirby
|
0-0: Ball 1-0: Called Strike 1-1: Ball 2-1: Ball 3-1: Base on Balls
|
|
Batting: RHB Justin Reich
|
0-0: Swinging Strike 0-1: Swinging Strike 0-2: Strikes out swinging
|
|
Batting: RHB Immel Kamuzu
|
0-0: Ball 1-0: Called Strike 1-1: Foul Ball, location: 2F 1-2: Foul Ball, location: 2F 1-2: Ball 2-2: Foul Ball, location: 2F 2-2: Fielders Choice at 2nd, 6-4 (Groundball, 6, EV 105.6 MPH)
|
| Top of the 2nd over - 0 runs, 0 hits, 0 errors, 1 left on base; Springfield 0 - Harrisburg 0 |
| BOTTOM OF THE 2ND |
|
Harrisburg Senators batting - Pitching for Springfield Cardinals : RHP Jorge Aguilar
|
|
Batting: RHB Rene Montoya
|
0-0: Called Strike 0-1: Ball 1-1: Ball 2-1: Fly out, F7 (Flyball, 7LS, EV 80.0 MPH)
|
|
Batting: RHB Ben Welt
|
0-0: Called Strike 0-1: Ball 1-1: Swinging Strike 1-2: Ball 2-2: Ball 3-2: Base on Balls
|
|
Batting: RHB John McNeill
|
0-0: Called Strike Ben Welt is caught stealing 2nd base 2-4 0-1: Ball 1-1: Ground out 5-3 (Groundball, 5, EV 105.0 MPH)
|
| Bottom of the 2nd over - 0 runs, 0 hits, 0 errors, 0 left on base; Springfield 0 - Harrisburg 0 |
| TOP OF THE 3RD |
|
Springfield Cardinals batting - Pitching for Harrisburg Senators : RHP Jason Beck
|
|
Batting: LHB Yeong-hun Joe
|
0-0: Ball 1-0: Foul Ball, location: 2F 1-1: Ground out 6-3 (Groundball, 6, EV 103.1 MPH)
|
|
Batting: RHB Josh Broome
|
0-0: Hit by Pitch
|
|
Batting: RHB Josh Martin
|
0-0: Ball 1-0: Ball 2-0: Ball 3-0: Called Strike 3-1: Base on Balls Josh Broome to second
|
|
Batting: LHB Adam Eisen
|
0-0: Ball Josh Broome steals 3rd base Josh Martin to second 1-0: Ball 2-0: Ground out 5-3 (Groundball, 5, EV 83.8 MPH)
|
|
Batting: LHB Ichiro Toyota
|
0-0: Foul Ball, location: 2F 0-1: Foul Ball, location: 2F 0-2: Strikes out swinging
|
| Top of the 3rd over - 0 runs, 0 hits, 0 errors, 2 left on base; Springfield 0 - Harrisburg 0 |
| BOTTOM OF THE 3RD |
|
Harrisburg Senators batting - Pitching for Springfield Cardinals : RHP Jorge Aguilar
|
|
Batting: RHB Gabe Almazan
|
0-0: Called Strike 0-1: Foul Ball, location: 2F 0-2: Ball 1-2: Foul Ball, location: 2F 1-2: Strikes out swinging
|
|
Batting: RHB Tony Madrigal
|
0-0: SINGLE (Line Drive, 8RS, EV 108.1 MPH)
|
|
Batting: RHB Josh Lykins
|
0-0: Called Strike 0-1: Swinging Strike 0-2: Ball 1-2: Foul Ball, location: 2F 1-2: Grounds into double play, 6-4-3 (Groundball, 56D, EV 91.2 MPH)
|
| Bottom of the 3rd over - 0 runs, 1 hit, 0 errors, 0 left on base; Springfield 0 - Harrisburg 0 |
| TOP OF THE 4TH |
|
Springfield Cardinals batting - Pitching for Harrisburg Senators : RHP Jason Beck
|
|
Batting: RHB Mark Cahill
|
0-0: Called Strike 0-1: Fly out, F7 (Flyball, 7, EV 91.2 MPH)
|
|
Batting: SHB Jason Kirby
|
0-0: Foul Ball, location: 2F 0-1: Ball 1-1: Swinging Strike 1-2: Strikes out looking
|
|
Batting: RHB Justin Reich
|
0-0: Called Strike 0-1: Ball 1-1: Swinging Strike 1-2: Strikes out swinging
|
| Top of the 4th over - 0 runs, 0 hits, 0 errors, 0 left on base; Springfield 0 - Harrisburg 0 |
| BOTTOM OF THE 4TH |
|
Harrisburg Senators batting - Pitching for Springfield Cardinals : RHP Jorge Aguilar
|
|
Batting: RHB Jim Miske
|
0-0: Ball 1-0: Called Strike 1-1: Ball 2-1: Foul Ball, location: 2F 2-2: SINGLE (Groundball, 34D, EV 107.5 MPH)
|
|
Batting: RHB Kevin Wick
|
0-0: Ball Jim Miske steals 2nd, throwing error, E2 Jim Miske to third 1-0: Ground out 5-3 (Groundball, 56, EV 97.5 MPH) Jim Miske scores
|
|
Batting: RHB Donovan Auclair
|
0-0: Swinging Strike 0-1: Swinging Strike 0-2: Ball 1-2: Strikes out swinging
|
|
Batting: RHB Rene Montoya
|
0-0: SOLO HOME RUN (Flyball, 8RXD, EV 116.2 MPH), Distance : 445 ft
|
|
Batting: RHB Ben Welt
|
0-0: Ball 1-0: Ball 2-0: Foul Ball, location: 2F 2-1: Called Strike 2-2: Foul Ball, location: 2F 2-2: Ground out 5-3 (Groundball, 56S, EV 90.6 MPH)
|
| Bottom of the 4th over - 2 runs, 2 hits, 1 error, 0 left on base; Springfield 0 - Harrisburg 2 |
| TOP OF THE 5TH |
|
Springfield Cardinals batting - Pitching for Harrisburg Senators : RHP Jason Beck
|
|
Batting: RHB Immel Kamuzu
|
0-0: Called Strike 0-1: Foul Ball, location: 2F 0-2: Strikes out swinging
|
|
Batting: LHB Yeong-hun Joe
|
0-0: Ball 1-0: Swinging Strike 1-1: Swinging Strike 1-2: Ball 2-2: Ball 3-2: Strikes out swinging
|
|
Batting: RHB Josh Broome
|
0-0: Ball 1-0: Ball 2-0: Called Strike 2-1: Called Strike 2-2: SINGLE (Groundball, P, EV 81.9 MPH) (infield hit)
|
|
Batting: RHB Josh Martin
|
0-0: Ball 1-0: Ball 2-0: Swinging Strike 2-1: Ball 3-1: SINGLE (Groundball, 34S, EV 66.2 MPH) (infield hit) Josh Broome to second
|
|
Batting: LHB Adam Eisen
|
0-0: Fielders Choice at 2nd, U4 (Groundball, 4M, EV 108.1 MPH)
|
| Top of the 5th over - 0 runs, 2 hits, 0 errors, 2 left on base; Springfield 0 - Harrisburg 2 |
| BOTTOM OF THE 5TH |
|
Harrisburg Senators batting - Pitching for Springfield Cardinals : RHP Jorge Aguilar
|
|
Batting: RHB John McNeill
|
0-0: Ball 1-0: Foul Ball, location: 2F 1-1: Foul Ball, location: 2F 1-2: Ball 2-2: Foul Ball, location: 2F 2-2: Ground out U3 (Groundball, 23, EV 81.9 MPH)
|
|
Batting: RHB Gabe Almazan
|
0-0: Called Strike 0-1: Called Strike 0-2: Ball 1-2: Foul Ball, location: 2F 1-2: SINGLE (Line Drive, 3D, EV 99.4 MPH)
|
|
Batting: RHB Tony Madrigal
|
0-0: Ball 1-0: Foul Ball, location: 2F 1-1: Foul Ball, location: 2F 1-2: Ball 2-2: SINGLE (Line Drive, 8LS, EV 109.4 MPH) Gabe Almazan to second
|
|
Batting: RHB Josh Lykins
|
0-0: Swinging Strike 0-1: Swinging Strike 0-2: Ball 1-2: Ball 2-2: Hit by Pitch Gabe Almazan to third Tony Madrigal to second
|
|
Batting: RHB Jim Miske
|
0-0: Fly out, F9 (Flyball, 9S, EV 91.2 MPH)
|
|
Batting: RHB Kevin Wick
|
0-0: Swinging Strike 0-1: Swinging Strike 0-2: Strikes out looking
|
| Bottom of the 5th over - 0 runs, 2 hits, 0 errors, 3 left on base; Springfield 0 - Harrisburg 2 |
| TOP OF THE 6TH |
|
Springfield Cardinals batting - Pitching for Harrisburg Senators : RHP Jason Beck
|
|
Batting: LHB Ichiro Toyota
|
0-0: Called Strike 0-1: Ground out 6-3 (Groundball, 6M, EV 101.9 MPH)
|
|
Batting: RHB Mark Cahill
|
0-0: Ball 1-0: Swinging Strike 1-1: DOUBLE (Line Drive, 78D, EV 98.8 MPH)
|
|
Batting: SHB Jason Kirby
|
0-0: Ground out 4-3 (Groundball, 4, EV 92.5 MPH) Mark Cahill to third
|
|
Batting: RHB Justin Reich
|
0-0: Called Strike 0-1: Foul Ball, location: 2F 0-2: Ball 1-2: Ball 2-2: Foul Ball, location: 2F 2-2: Ground out 3-1 (Groundball, 13, EV 89.4 MPH)
|
| Top of the 6th over - 0 runs, 1 hit, 0 errors, 1 left on base; Springfield 0 - Harrisburg 2 |
| BOTTOM OF THE 6TH |
|
Harrisburg Senators batting - Pitching for Springfield Cardinals : RHP Jorge Aguilar
|
|
Batting: RHB Donovan Auclair
|
0-0: Ground out 6-3 (Groundball, 6, EV 80.0 MPH)
|
|
Batting: RHB Rene Montoya
|
0-0: Ball 1-0: Called Strike 1-1: Swinging Strike 1-2: Foul Ball, location: 2F 1-2: Foul Ball, location: 2F 1-2: Ball 2-2: Foul Ball, location: 2F 2-2: Ball 3-2: Foul Ball, location: 2F 3-2: SINGLE (Groundball, 56S, EV 73.8 MPH) (infield hit)
|
|
Batting: RHB Ben Welt
|
0-0: Called Strike Rene Montoya is caught stealing 2nd base 2-4 0-1: Fly out, F8 (Line Drive, 8RM, EV 96.2 MPH)
|
| Bottom of the 6th over - 0 runs, 1 hit, 0 errors, 0 left on base; Springfield 0 - Harrisburg 2 |
| TOP OF THE 7TH |
|
Springfield Cardinals batting - Pitching for Harrisburg Senators : RHP Jason Beck
|
|
Pitching: RHP Gilberto Ricalde
|
|
|
Now at 1B: Donovan Auclair
|
|
|
Now at 3B: Tony Madrigal
|
|
|
Now in RF: Nate Melendez
|
|
|
Batting: RHB Immel Kamuzu
|
0-0: Ball 1-0: Ball 2-0: Called Strike 2-1: Foul Ball, location: 2F 2-2: Strikes out swinging
|
|
Batting: LHB Yeong-hun Joe
|
0-0: Ground out 3-1 (Groundball, 34, EV 81.2 MPH)
|
|
Batting: RHB Josh Broome
|
0-0: Called Strike 0-1: Fly out, F9 (Line Drive, 9D, EV 86.2 MPH)
|
| Top of the 7th over - 0 runs, 0 hits, 0 errors, 0 left on base; Springfield 0 - Harrisburg 2 |
| BOTTOM OF THE 7TH |
|
Harrisburg Senators batting - Pitching for Springfield Cardinals : RHP Jorge Aguilar
|
|
Batting: RHB John McNeill
|
0-0: Ball 1-0: Ground out 3-1 (Groundball, 34, EV 101.2 MPH)
|
|
Batting: RHB Gabe Almazan
|
0-0: Ball 1-0: Ground out 4-3 (Groundball, 4M, EV 109.4 MPH)
|
|
Batting: RHB Tony Madrigal
|
0-0: Ground out 6-3 (Groundball, 6, EV 84.4 MPH)
|
| Bottom of the 7th over - 0 runs, 0 hits, 0 errors, 0 left on base; Springfield 0 - Harrisburg 2 |
| TOP OF THE 8TH |
|
Springfield Cardinals batting - Pitching for Harrisburg Senators : RHP Gilberto Ricalde
|
|
Batting: RHB Josh Martin
|
0-0: Ball 1-0: Ball 2-0: Foul Ball, location: 2F 2-1: Ball 3-1: Fly out, F7 (Line Drive, 78M, EV 96.9 MPH)
|
|
Batting: LHB Adam Eisen
|
0-0: Ball 1-0: Swinging Strike 1-1: Called Strike 1-2: Ball 2-2: Strikes out swinging
|
|
Batting: LHB Ichiro Toyota
|
0-0: Foul Ball, location: 2F 0-1: Swinging Strike 0-2: Foul Ball, location: 2F 0-2: Ball 1-2: DOUBLE (Line Drive, 89D, EV 108.8 MPH)
|
|
Batting: RHB Mark Cahill
|
0-0: Called Strike 0-1: Called Strike 0-2: Foul Ball, location: 2F 0-2: Ball 1-2: Strikes out swinging
|
| Top of the 8th over - 0 runs, 1 hit, 0 errors, 1 left on base; Springfield 0 - Harrisburg 2 |
| BOTTOM OF THE 8TH |
|
Harrisburg Senators batting - Pitching for Springfield Cardinals : RHP Jorge Aguilar
|
|
Pitching: RHP Kevon Jamison
|
|
|
Batting: RHB Josh Lykins
|
0-0: Called Strike 0-1: Ball 1-1: Ball 2-1: Ball 3-1: Base on Balls
|
|
Batting: LHB Nate Melendez
|
0-0: Ball 1-0: Bunted foul 1-1: Bunt missed! 1-2: Foul Ball, location: 2F 1-2: Ball 2-2: Ball 3-2: DOUBLE (Line Drive, 5D, EV 97.5 MPH) Josh Lykins to third
|
|
Batting: RHB Kevin Wick
|
0-0: Ball 1-0: Swinging Strike 1-1: Ball 2-1: Called Strike 2-2: Ball 3-2: Base on Balls
|
|
Batting: RHB Donovan Auclair
|
0-0: Called Strike 0-1: Ball 1-1: Grounds into fielders choice 4-2 (Groundball, 4, EV 92.5 MPH) Nate Melendez to third Kevin Wick to second
|
|
Batting: RHB Rene Montoya
|
0-0: Ball 1-0: Swinging Strike 1-1: Foul Ball, location: 2F 1-2: Strikes out swinging
|
|
Batting: RHB Ben Welt
|
0-0: Ball 1-0: Called Strike 1-1: Fielders Choice at 2nd, 5-4 (Groundball, 5L, EV 99.4 MPH)
|
| Bottom of the 8th over - 0 runs, 1 hit, 0 errors, 3 left on base; Springfield 0 - Harrisburg 2 |
| TOP OF THE 9TH |
|
Springfield Cardinals batting - Pitching for Harrisburg Senators : RHP Gilberto Ricalde
|
|
Pitching: LHP Kerry Baty
|
|
|
Batting: SHB Jason Kirby
|
0-0: Ball 1-0: Ball 2-0: Ball 3-0: Called Strike 3-1: SINGLE (Groundball, 56D, EV 104.4 MPH)
|
|
Batting: RHB Justin Reich
|
0-0: Foul Ball, location: 2F 0-1: Ball 1-1: Foul Ball, location: 2F 1-2: Foul Ball, location: 2F 1-2: Foul Ball, location: 2F 1-2: Ball 2-2: Ball 3-2: Grounds into double play, 5-4-3 (Groundball, 56S, EV 87.5 MPH)
|
|
Batting: RHB Immel Kamuzu
|
0-0: Called Strike 0-1: Called Strike 0-2: Ground out 5-3 (Groundball, 56, EV 108.1 MPH)
|
| Top of the 9th over - 0 runs, 1 hit, 0 errors, 0 left on base; Springfield 0 - Harrisburg 2 |
|